Map: [ESL] Tropical Sacrifice

Players

Bioice

  • Race: Zerg Zerg
  • Spawn Location: 7:00

PiLiPiLi - Winner!

  • Race: Protoss Protoss
  • Spawn Location: 1:00

Event: DreamHack SC2 Masters 2022 Atlanta (Online)

VOD

Have the link to the VOD?

Description

Time

  • Played on: Oct. 8, 2022, 3:42 p.m.
  • Length: 13:32

All games in this series

Show
View Real Time Build Order
Export as new Build Order

Bioice Zerg 

Build Orders: Hatch First 

Get SALT Encoding   

  12  0:01  Drone  
  13  0:13  Overlord  
  13  0:18  Drone  
  14  0:31  Drone x2  
  16  0:48  Drone  
  17  0:55  Hatchery  
  16  0:57  Drone  
  16  0:59  Drone  
  16  1:02  Extractor  
  17  1:16  Spawning Pool  
  16  1:19  Drone  
  16  1:22  Drone  
  18  1:30  Drone  
  19  1:42  Drone  
  20  1:50  Drone  
  21  2:05  Drone  
  21  2:07  Queen x2  
  26  2:09  Overlord  
  26  2:12  Zergling x2  
  27  2:15  Metabolic Boost  
  27  2:26  Zergling x2  
  28  2:35  Hatchery  
  27  2:37  Drone  
  27  2:39  Drone  
  27  2:41  Zergling x2  
  30  2:44  Zergling x2  
  31  2:52  Queen  
  31  2:57  Overlord  
  33  3:03  Drone x3  
  36  3:15  Zergling x2  
  36  3:18  Queen  
  39  3:23  Drone x4  
  43  3:30  Drone  
  42  3:35  Queen  
  42  3:40  Drone  
  43  3:43  Overlord  
  43  3:50  Evolution Chamber  
  43  3:55  Drone x5  
  46  3:58  Drone  
  46  4:00  Drone  
  46  4:03  Drone  
  46  4:07  Drone  
  48  4:10  Drone x2  
  48  4:15  Drone x2  
  52  4:18  Overlord  
  52  4:22  Spore Crawler  
  51  4:29  Spore Crawler, Overlord  
  50  4:35  Spore Crawler  
  48  4:38  Drone x2  
  48  4:43  Drone x3  
  52  4:48  Drone x3  
  55  4:54  Roach Warren  
  55  4:56  Drone  
  55  5:01  Drone x2  
  55  5:02  Drone  
  55  5:03  Drone  
  55  5:05  Extractor  
  58  5:08  Overlord  
  58  5:12  Zergling x6  
  61  5:18  Zergling x8  
  64  5:24  Zerg Missile Weapons Level 1  
  64  5:26  Zergling x2  
  64  5:28  Overlord x2  
  65  5:35  Roach x4  
  73  5:43  Overlord x2  
  73  5:50  Roach x5  
  81  6:04  Drone x8  
  88  6:12  Drone  
  88  6:13  Drone x2  
  91  6:19  Drone x5  
  91  6:20  Extractor  
  91  6:21  Extractor, Evolution Chamber  
  91  6:22  Drone  
  91  6:23  Drone  
  95  6:26  Drone x2  
  95  6:27  Drone  
  98  6:33  Drone  
  98  6:34  Drone x3  
  102  6:46  Drone  
  102  6:47  Drone x6  
  105  6:52  Drone x3  
  105  6:53  Lair  
  103  6:56  Zerg Melee Weapons Level 1  
  103  6:57  Roach  
  103  6:59  Overlord x2  
  103  7:01  Extractor  
  104  7:04  Hatchery  
  104  7:07  Overlord  
  103  7:13  Extractor  
  102  7:18  Queen  
  104  7:25  Roach x8  
  120  7:36  Spore Crawler  
  115  7:38  Spore Crawler  
  115  7:39  Spore Crawler, Zergling x20  
  115  7:40  Zergling x2  
  115  7:43  Spore Crawler  
  121  7:46  Queen  
  121  7:54  Overlord x3  
  121  7:59  Hydralisk Den  
  121  8:03  Overlord  
  76  8:47  Overlord x6  
  73  8:48  Overlord  
  73  8:49  Overlord  
  71  9:03  Muscular Augments  
  71  9:05  Queen x2  
  71  9:06  Hydralisk x16  
  71  9:09  Hydralisk  
  107  9:13  Hydralisk x2  
  113  9:20  Hydralisk  
  113  9:23  Hydralisk  
  115  9:28  Hydralisk x2  
  113  9:40  Hydralisk x4  
  113  9:44  Overlord x2  
  119  9:57  Overlord  
  119  10:02  Queen x2  
  119  10:04  Drone x12  
  133  10:09  Drone x4  
  133  10:11  Drone  
  136  10:15  Grooved Spines, Extractor  
  136  10:17  Infestation Pit  
  136  10:18  Extractor  
  136  10:21  Drone x2  
  135  10:22  Drone, Lurker Den  
  135  10:23  Drone  
  136  10:32  Zergling x10  
  141  10:40  Zergling x6  
  144  10:52  Overlord x3  
  144  10:56  Hatchery  
  143  11:10  Queen  
  144  11:14  Spire  
  141  11:19  Drone x4  
  143  11:30  Drone x13  
  156  11:39  Hive  
  156  11:41  Extractor  
  156  11:44  Zergling x2, Extractor  
  156  11:45  Zergling x22  
  166  11:54  Overlord x2  
  166  11:56  Pathogen Glands  
  165  12:11  Spore Crawler  
  163  12:17  Spire  
  163  12:22  Spore Crawler  
  161  12:26  Spore Crawler x2  
  161  12:28  Corruptor x11  
  178  12:35  Corruptor x3  
  184  12:55  Viper  
  184  12:57  Overlord  
Show
View Real Time Build Order
Export as new Build Order

PiLiPiLi Protoss - Winner!

Build Orders: 1 Gate Expand, Oracle Opening, Phoenix Opening, Carriers 

Get SALT Encoding   

  12  0:01  Probe  
  13  0:13  Probe  
  14  0:21  Pylon  
  14  0:25  Probe  
  15  0:39  Probe (Chrono Boost)  
  15  0:42  Gateway  
  16  0:49  Probe (Chrono Boost)  
  17  0:54  Probe (Chrono Boost)  
  17  0:55  Assimilator  
  18  1:06  Probe  
  19  1:18  Probe  
  20  1:30  Nexus  
  20  1:39  Cybernetics Core  
  20  1:42  Probe  
  21  1:48  Assimilator  
  22  1:54  Probe  
  22  1:59  Pylon  
  22  2:06  Probe  
  23  2:14  Adept (Chrono Boost)  
  23  2:18  Probe  
  26  2:23  Stargate  
  26  2:30  Probe  
  26  2:35  Adept (Chrono Boost)  
  27  2:42  Probe x2  
  31  2:54  Warp Gate (Chrono Boost), Probe  
  31  2:55  Probe  
  31  2:57  Adept  
  35  3:06  Oracle (Chrono Boost), Probe  
  35  3:07  Probe  
  40  3:18  Gateway  
  40  3:19  Probe  
  41  3:29  Probe  
  42  3:34  Probe  
  42  3:39  Phoenix (Chrono Boost)  
  41  3:41  Probe  
  41  3:43  Shield Battery  
  41  3:46  Probe  
  41  3:47  Assimilator  
  43  3:51  Assimilator  
  43  3:53  Probe  
  44  3:58  Probe  
  45  4:05  Probe  
  45  4:08  Pylon  
  46  4:10  Pylon  
  46  4:26  Probe x2  
  50  4:35  Oracle  
  50  4:38  Adept x2, Probe x2  
  53  4:40  Pylon  
  53  4:43  Gateway  
  57  4:50  Probe  
  58  4:58  Shield Battery  
  58  5:00  Adept x2  
  58  5:01  Probe  
  58  5:02  Probe  
  64  5:14  Probe x2, Stargate  
  65  5:16  Stargate  
  66  5:26  Adept, Probe  
  69  5:30  Pylon  
  69  5:33  Nexus  
  69  5:34  Pylon  
  69  5:36  Protoss Air Weapons Level 1  
  69  5:42  Probe  
  70  5:48  Probe, Pylon  
  70  5:49  Phoenix (Chrono Boost)  
  73  5:52  Pylon  
  73  5:54  Shield Battery  
  73  6:01  Probe  
  74  6:06  Phoenix x2 (Chrono Boost)  
  74  6:10  Adept, Phoenix (Chrono Boost)  
  79  6:11  Probe  
  79  6:14  Probe  
  79  6:17  Adept  
  84  6:22  Phoenix  
  84  6:23  Probe  
  84  6:24  Phoenix  
  89  6:26  Probe  
  90  6:34  Sentry  
  90  6:35  Probe  
  90  6:38  Stalker  
  95  6:42  Probe  
  95  6:45  Phoenix (Chrono Boost), Probe  
  95  6:47  Phoenix (Chrono Boost), Probe  
  98  6:54  Probe  
  98  6:55  Phoenix (Chrono Boost)  
  98  6:57  Probe  
  98  6:59  Probe  
  103  7:06  Phoenix (Chrono Boost), Probe  
  103  7:07  Phoenix (Chrono Boost), Forge  
  108  7:09  Probe  
  109  7:20  Probe x2  
  109  7:22  Assimilator  
  111  7:24  Gateway  
  111  7:25  Gateway  
  111  7:27  Assimilator  
  111  7:28  Phoenix  
  110  7:40  Stalker x3  
  110  7:42  Photon Cannon  
  116  7:45  Photon Cannon  
  116  7:47  Photon Cannon  
  116  7:50  Photon Cannon  
  114  7:53  Phoenix  
  116  8:05  Stalker  
  116  8:12  Pylon  
  116  8:14  Pylon  
  116  8:19  Fleet Beacon  
  108  8:22  Zealot x2  
  108  8:23  Zealot x2  
  104  8:33  Void Ray  
  102  8:41  Zealot  
  90  8:42  Probe x3  
  88  8:52  Protoss Shields Level 1  
  88  8:54  Probe x2  
  88  8:55  Shield Battery  
  88  9:01  Twilight Council  
  88  9:02  Carrier (Chrono Boost)  
  88  9:04  Gateway  
  88  9:06  Carrier (Chrono Boost)  
  100  9:21  Carrier (Chrono Boost)  
  106  9:47  Photon Cannon  
  106  9:48  Charge  
  106  9:49  Photon Cannon  
  106  9:52  Templar Archives  
  106  9:54  Pylon  
  106  9:55  Carrier (Chrono Boost)  
  106  9:56  Pylon  
  112  10:04  Photon Cannon  
  112  10:05  Photon Cannon  
  112  10:07  Shield Battery  
  116  10:17  Carrier (Chrono Boost)  
  116  10:25  Carrier (Chrono Boost)  
  122  10:31  Pylon  
  122  10:32  Pylon  
  122  10:34  Pylon  
  122  10:36  Pylon  
  122  10:43  Carrier  
  128  10:59  Nexus  
  128  11:00  Pylon  
  128  11:10  Protoss Air Weapons Level 2 (Chrono Boost)  
  128  11:13  Carrier (Chrono Boost)  
  134  11:22  Carrier (Chrono Boost)  
  140  11:30  Photon Cannon  
  140  11:32  Shield Battery  
  140  11:35  Photon Cannon  
  140  11:37  High Templar x2  
  144  11:44  Archon  
  144  11:45  Probe x3  
  147  11:50  Carrier (Chrono Boost)  
  153  11:57  Probe x2  
  153  12:00  Pylon  
  155  12:15  Zealot x2, High Templar x2  
  159  12:16  Zealot x2  
  159  12:19  Archon  
  159  12:22  Gateway  
  167  12:25  Gateway  
  167  12:36  Zealot x2, High Templar x2  
  175  12:39  Pylon  
  175  12:40  Archon  
  175  12:50  Zealot x2  
  167  13:24  Zealot  
  167  13:25  Zealot x7  
Tags
 
Add a new tag
Caveats
  • Supply blocks, unpowered buildings, or Contaminate may cause inaccurate times.
  • Supply counts are checked every 10 seconds.